Map: Jagannatha LE

Players

Trap

  • Race: Protoss Protoss
  • Spawn Location: 1:00

HeRoMaRinE - Winner!

  • Race: Terran Terran
  • Spawn Location: 7:00

Event: IEM Katowice 2021

VOD

Have the link to the VOD?

Description

Time

  • Played on: Feb. 24, 2021, 8:26 a.m.
  • Length: 8:31

All games in this series

Show
View Real Time Build Order
Export as new Build Order

Trap Protoss 

Build Orders: 1 Gate Expand, Blink Stalkers 

Get SALT Encoding   

  12  0:00  Probe  
  13  0:12  Probe  
  14  0:17  Pylon  
  14  0:24  Probe (Chrono Boost)  
  15  0:36  Gateway, Probe (Chrono Boost)  
  16  0:44  Probe (Chrono Boost)  
  16  0:46  Assimilator  
  17  0:51  Probe  
  18  1:03  Probe  
  19  1:15  Probe  
  20  1:23  Cybernetics Core  
  20  1:33  Nexus  
  20  1:42  Pylon  
  20  1:43  Probe  
  21  1:50  Assimilator  
  21  1:55  Probe  
  21  1:57  Adept (Chrono Boost)  
  24  2:02  Warp Gate  
  24  2:08  Probe  
  25  2:17  Adept (Chrono Boost)  
  25  2:20  Probe  
  27  2:27  Twilight Council  
  27  2:32  Probe  
  28  2:39  Stalker  
  31  2:45  Probe (Chrono Boost)  
  31  2:49  Probe (Chrono Boost)  
  32  2:55  Probe (Chrono Boost)  
  32  2:58  Probe (Chrono Boost)  
  34  3:00  Probe  
  34  3:04  Blink (Chrono Boost)  
  35  3:08  Probe  
  35  3:12  Probe  
  37  3:20  Robotics Facility, Probe  
  37  3:26  Probe  
  39  3:27  Gateway  
  39  3:32  Probe  
  40  3:35  Gateway  
  40  3:39  Probe  
  41  3:44  Probe  
  41  3:46  Gateway  
  42  3:50  Stalker  
  42  3:54  Pylon  
  46  4:04  Warp Prism (Chrono Boost)  
  46  4:12  Probe x2  
  46  4:14  Pylon  
  48  4:20  Stalker x2  
  52  4:30  Pylon  
  52  4:32  Stalker  
  52  4:34  Observer  
  52  4:35  Assimilator  
  52  4:37  Probe x2  
  56  4:54  Stalker x3  
  56  4:56  Stalker  
  56  4:58  Probe x2  
  66  5:10  Probe  
  66  5:12  Pylon  
  65  5:21  Stalker x2  
  69  5:30  Stalker x2  
  69  5:32  Probe x2  
  75  5:35  Pylon  
  75  5:37  Pylon  
  75  5:50  Probe x2  
  75  5:52  Observer  
  75  5:54  Stalker x4  
  85  6:00  Assimilator  
  85  6:01  Pylon  
  85  6:04  Pylon  
  85  6:15  Nexus  
  85  6:17  Charge  
  85  6:19  Probe x2  
  85  6:33  Probe x2  
  85  6:34  Observer (Chrono Boost)  
  85  6:37  Templar Archives  
  88  6:41  Gateway  
  88  6:42  Gateway  
  88  6:44  Pylon  
  88  6:45  Probe, Observer  
  88  6:46  Forge  
  89  7:01  Gateway  
  89  7:02  Probe x2  
  89  7:04  Sentry  
  89  7:05  Sentry x2  
  89  7:06  Gateway  
  89  7:08  Immortal (Chrono Boost)  
  100  7:16  Shield Battery  
  100  7:21  Zealot  
  100  7:37  Stalker  
  100  7:38  Stalker  
  100  7:40  Immortal (Chrono Boost)  
  108  7:46  Zealot x4  
  108  7:50  Probe x2  
  117  7:57  High Templar  
  99  8:06  High Templar  
  99  8:07  Zealot x6  
  99  8:11  Archon  
  69  8:27  Zealot x2  
  69  8:28  Zealot x3  
Show
View Real Time Build Order
Export as new Build Order

HeRoMaRinE Terran - Winner!

Build Orders: Reaper Expand 

Get SALT Encoding   

  12  0:00  SCV  
  13  0:12  SCV  
  14  0:17  Supply Depot  
  14  0:24  SCV  
  15  0:39  SCV, Barracks  
  16  0:43  Refinery  
  16  0:51  SCV  
  17  1:03  SCV  
  18  1:15  SCV  
  19  1:26  Reaper  
  19  1:27  Orbital Command  
  20  1:42  Command Center  
  20  1:51  Supply Depot  
  20  1:54  SCV  
  20  1:58  Marine  
  22  2:06  SCV  
  23  2:10  Factory  
  23  2:19  SCV  
  23  2:22  Barracks Reactor, Bunker  
  24  2:30  Refinery  
  24  2:31  SCV  
  25  2:43  SCV  
  26  2:55  SCV, Orbital Command  
  26  2:57  Hellion  
  29  3:01  Starport  
  29  3:03  Marine  
  30  3:05  Marine  
  30  3:10  SCV  
  32  3:18  Widow Mine  
  34  3:21  SCV  
  34  3:22  SCV, Marine  
  34  3:23  Marine  
  38  3:31  Supply Depot  
  38  3:33  SCV  
  39  3:34  SCV  
  39  3:39  Medivac  
  44  3:42  Marine x2  
  44  3:47  SCV x2, Factory Tech Lab  
  46  3:49  Supply Depot  
  46  3:59  SCV x2  
  46  4:01  Barracks, Marine x2  
  50  4:10  Engineering Bay  
  50  4:11  SCV x2  
  50  4:16  Raven  
  53  4:22  Barracks  
  53  4:23  SCV x2  
  55  4:26  Supply Depot, Marine  
  55  4:27  Refinery  
  55  4:29  Marine  
  57  4:31  Factory Tech Lab  
  57  4:35  SCV x2  
  57  4:36  Terran Infantry Weapons Level 1  
  59  4:43  Bunker  
  59  4:47  SCV x2  
  59  4:49  Marine x2  
  59  4:50  Siege Tank  
  66  4:57  Barracks Tech Lab  
  66  5:00  SCV x2  
  68  5:09  Marine x2  
  70  5:15  Marine  
  70  5:20  Supply Depot  
  70  5:22  Banshee, SCV x2  
  70  5:26  Marine x3  
  78  5:38  SCV x2, Marine, Siege Tank  
  83  5:44  Marine  
  83  5:47  Marine x2  
  50  5:50  Stimpack, SCV x2  
  86  5:55  Marine, Refinery  
  89  6:02  SCV x2, Marine  
  92  6:05  Marauder  
  93  6:14  SCV  
  93  6:15  Starport Reactor  
  94  6:19  Supply Depot  
  90  6:27  Marauder x2  
  90  6:28  Marine  
  90  6:29  Marine  
  90  6:30  Combat Shield  
  95  6:43  Siege Tank  
  98  6:47  Supply Depot  
  98  6:48  Marauder, Marine x2, Supply Depot  
  102  6:57  Marauder  
  102  7:00  Medivac x2  
  108  7:09  Marauder, Marine x2  
  108  7:14  Supply Depot  
  110  7:18  Marauder  
  112  7:27  Marine x2  
  112  7:29  SCV x2, Concussive Shells  
  114  7:31  Marauder  
  114  7:40  Marauder  
  114  7:42  Medivac x2  
  120  7:45  Marine x2  
  122  7:52  Marauder  
  123  8:01  SCV, Marauder  
  123  8:03  Marine x2  
  118  8:11  Command Center  
  121  8:17  Barracks  
  121  8:18  Barracks  

Tags
 
Add a new tag
Caveats
  • Supply blocks, unpowered buildings, or Contaminate may cause inaccurate times.
  • Supply counts are checked every 10 seconds.